 Dungeon Crawl Stone Soup version 0.30.1-3-gfc49f6343a (webtiles) character file.

Game seed: 13158534066483632481

103 Jebus the Shield-Bearer (level 4, -3/42 HPs)
             Began as a Gargoyle Fighter on July 29, 2023.
             Blown up by Ijyb (11 damage)
             ... with a mindburst bolt
             ... on level 3 of the Dungeon.
             The game lasted 00:05:39 (2187 turns).

Jebus the Shield-Bearer (Gargoyle Fighter)          Turns: 2187, Time: 00:05:40

Health: -3/42      AC: 22    Str: 19    XL:     4   Next: 79%
Magic:  4/4        EV:  2    Int:  9    God:
Gold:   195        SH:  5    Dex: 11    Spells: 3/3 levels left

rFire   . . .        q - +0 whip
rCold   . . .        c - +0 buckler
rNeg    + . .        k - melded +11 scale mail of Qeutoad {Will+ rCorr Dex-5}
rPois   ∞            (helmet currently unavailable)
rElec   .            (cloak currently unavailable)
rCorr   .            (gloves currently unavailable)
SInv    .            (boots currently unavailable)
Will    .....        (no amulet)
Stlth   +            (no ring)
HPRegen 0.27/turn    (no ring)
MPRegen 0.09/turn

%: no passive effects
@: tree-form
A: stationary, stasis, torment immunity, boosted hp, sickness immunity, AC +3,
negative energy resistance 1, (electricity resistance), torment resistance 1,
petrification resistance
a: no special abilities


You were on level 3 of the Dungeon.
You were a tree.
You visited 1 branch of the dungeon, and saw 3 of its levels.

You collected 195 gold pieces.

Inventory:

Hand Weapons
 q - a +0 whip (weapon)
Armour
 b - a +0 scale mail
 c - a +0 buckler (worn)
 k - the +11 scale mail of Qeutoad (melded) {Will+ rCorr Dex-5}
   (You found it on level 3 of the Dungeon)

   Dex:       It affects your dexterity (-5).
   rCorr:     It protects you from acid and corrosion.
   Will:      It increases your willpower.
Jewellery
 i - an amulet of magic regeneration
 n - an amulet of the acrobat
Scrolls
 a - a scroll of fear {unknown}
 f - 3 scrolls of teleportation
 h - a scroll of fog {unknown}
 j - a scroll of poison
 l - a scroll of acquirement {unknown}
 p - a scroll of identify
Potions
 d - a potion of berserk rage
 e - a potion of lignification
 m - a potion of brilliance {unknown}
 o - a potion of attraction {unknown}


   Skills:
 - Level 3.2 Fighting
 + Level 3.3 Maces & Flails
 - Level 4.0 Armour
 + Level 4.5 Shields


You had 3 spell levels left.
You didn't know any spells.
Your spell library was empty.

Dungeon Overview and Level Annotations

Branches:
Dungeon (3/15)

Altars:

Shops:
D:1 !

Annotations:
D:3 Ijyb


Innate Abilities, Weirdness & Mutations

You are a tree.
Your roots penetrate the ground, keeping you stationary.
You cannot be teleported.
You are immune to unholy pain and torment.
Your maximum health is greatly increased.
Your equipment is partially melded.
You are immune to sickness and miasma.
((Your stone body is resilient. (AC +3)))
You are immune to poison.
You resist negative energy. (rN+)
((You are resistant to electric shocks. (rElec)))
You are resistant to unholy torment.
You are immune to petrification.


Message History

Ijyb hits you with a +0 club.
You hit Ijyb.
Ijyb is moderately wounded.
You block Ijyb's attack.
You hit Ijyb.
Ijyb is moderately wounded.
Ijyb hits you but does no damage.
You hit Ijyb but do no damage.
Ijyb is moderately wounded.
Ijyb zaps a wand.
Your mind is blasted!
* * * LOW HITPOINT WARNING * * *
You hit Ijyb.
Ijyb is heavily wounded.
Ijyb barely misses you.
You closely miss Ijyb.
Ijyb is heavily wounded.
Ijyb hits you but does no damage.
You feel much better. Ijyb screams, "Me stronger than you!"
Ijyb hits you but does no damage.
You hit Ijyb but do no damage.
Ijyb is heavily wounded.
Ijyb zaps a wand.
Your mind is blasted!
* * * LOW HITPOINT WARNING * * *
You hit Ijyb.
Ijyb is heavily wounded.
Ijyb hits you but does no damage.
You hit Ijyb but do no damage.
Ijyb is heavily wounded.
You block Ijyb's attack.
You completely miss Ijyb.
Ijyb is heavily wounded.
Ijyb hits you but does no damage.
You hit Ijyb.
Ijyb is heavily wounded.
Ijyb hits you but does no damage.
You hit Ijyb but do no damage.
Ijyb is heavily wounded.
Ijyb zaps a wand.
Your mind is blasted!
You die...

.#............† ....
......>........ ....
#.....÷........ ....
#..............
#..#####..............
.....................
#...##..............
..###..............>....
#.....g♣..##.....##.....
....####..####...####### .
#.........###
#.#..#####....##
#..............## .
############...##.#..#..
##...##.......#))...#....
##..........######.#......
#............#####........


You could see Ijyb.

Vanquished Creatures
  An orc wizard (D:3)
  3 adders (D:2)
  3 orcs (D:3)
  6 ball pythons
  6 bats
  2 endoplasms (D:1)
  4 giant cockroaches
  3 goblins
  3 hobgoblins
  2 jackals (D:1)
  4 kobolds
  2 quokkas (D:1)
  2 frilled lizards (D:1)
  4 rats (D:2)
45 creatures vanquished.

Notes
Turn   | Place    | Note
-------+----------+-------------------------------------------
     0 | D:1      | Jebus the Gargoyle Fighter began the quest for the Orb.
     0 | D:1      | Reached XP level 1. HP: 14/14 MP: 1/1
   277 | D:1      | Reached XP level 2. HP: 17/19 MP: 2/2
   568 | D:1      | Found Aprekid's Distillery.
   940 | D:2      | Reached XP level 3. HP: 19/23 MP: 3/3
  1710 | D:2      | Reached XP level 4. HP: 23/28 MP: 4/4
  1860 | D:3      | Identified the +11 scale mail of Qeutoad {Will+ rCorr
                  | Dex-5}
  2164 | D:3      | Noticed Ijyb
  2187 | D:3      | Blown up by Ijyb

Illustrated notes

Levels and vault maps discovered:
D:1:      matt_arrival_refuge, layout_basic, serial_shops, shop,
          minmay_surrounded
D:2:      layout_basic
D:3:      layout_rooms, doesnt_xom_only_xom, minmay_gold_behind_fungi, uniq_ijyb

Skill      XL: |  1  2  3  4 |
---------------+-------------+-----
Shields        | 4 |  4.5
Armour         | 4 |  4.0
Maces & Flails | 3 |  3.3
Fighting       | |  3.2

Action                     |  1- 3 |  4- 6 || total
---------------------------+-------+-------++-------
  Melee: Flail             |   134 |    63 ||   197
         Whip              |       |    20 ||    20
    Use: Scroll            |     4 |     1 ||     5
         Potion            |     1 |     3 ||     4
 Armour: Scale mail        |    85 |    57 ||   142
         Skin              |       |    19 ||    19
  Dodge: Dodged            |    72 |    30 ||   102
  Block: Buckler           |    28 |    17 ||    45
